 Dungeon Crawl Stone Soup version 0.17-a0-1945-gfe993df (webtiles) character file.

164 4thArraOfDagon the Ruffian (level 5, -2/53 HPs)
             Began as a Troll Monk on Sept 30, 2015.
             Slain by an ice beast (14 damage)
             ... on level 8 of the Dungeon.
             The game lasted 00:03:16 (853 turns).

4thArraOfDagon the Ruffian (Troll Monk)              Turns: 853, Time: 00:03:16

Health: -2/53      AC:  5    Str: 19    XL:     5   Next: 21%
Magic:  4/4        EV: 10    Int:  7    God:
Gold:   164        SH:  0    Dex: 12    Spells: 0 memorised, 4 levels left

rFire  . . .     SeeInvis .       - Unarmed
rCold  . . .     Clarity  .     a - +0 robe
rNeg   . . .     SustAt   .     (no shield)
rPois  .         Gourm    +     (helmet restricted)
rElec  .         Spirit   .     (no cloak)
rCorr  .         Warding  .     (gloves unavailable)
rMut   .         Stasis   .     (boots unavailable)
MR     +....                    (no amulet)
Stlth  +.........               (no ring)
                                n - ring of protection from magic

@: somewhat resistant to hostile enchantments, very unstealthy
A: unfitting armour, claws 3, fast metabolism 3, gourmand, regeneration 2,
shaggy fur 1, tough skin 2
a: no special abilities


You were on level 8 of the Dungeon.
You were full.

You visited 1 branch of the dungeon, and saw 8 of its levels.

You collected 164 gold pieces.

Inventory:

Missiles
 e - 8 javelins of penetration (quivered)
Armour
 a - a +0 robe (worn)
Jewellery
 n - a ring of protection from magic (left claw)
Scrolls
 f - a scroll of noise {unknown}
 i - a scroll of blinking {unknown}
 j - 4 scrolls of identify {unknown}
 k - a scroll of teleportation {unknown}
Potions
 c - a potion of haste {unknown}
 d - a potion of curing {unknown}
 m - a potion of degeneration {unknown}
Comestibles
 b - 4 bread rations
 g - a meat ration
 h - a fruit


   Skills:
 + Level 3.4 Fighting
 + Level 3.1 Dodging
 - Level 1.1 Stealth
 * Level 5.3 Unarmed Combat


You had 4 spell levels left.
You didn't know any spells.

Dungeon Overview and Level Annotations

Branches:
Dungeon (8/15)
 Temple: D:4-7         Lair: D:8-11

Altars:
Okawaru
Sif Muna


Innate Abilities, Weirdness & Mutations

You are too large for most types of armour.
You have claws for hands.
Your metabolism is lightning-fast.
You like to eat raw meat.
You heal very quickly.
You are covered in fur (AC +1).
You have very tough skin (AC +2).


Message History

The ice beast hits you but does no damage.
You scratch the ice beast but do no damage.
The ice beast is heavily wounded.
The ice beast hits you. The ice beast freezes you!
* * * LOW HITPOINT WARNING * * *
You are too injured to fight recklessly!
You are too injured to fight recklessly!
You are too injured to fight recklessly!
You completely miss the ice beast.
The ice beast is heavily wounded.
The ice beast completely misses you.
You closely miss the ice beast.
The ice beast is heavily wounded.
The ice beast closely misses you.
You closely miss the ice beast.
The ice beast is heavily wounded.
The ice beast hits you.
* * * LOW HITPOINT WARNING * * *
The ice beast freezes you!
You die...

.....## #...###
###...# #.### #.#
#.##### ######
#.#...# ##....#
###.#.#.# ####..#
..#.#.#.# #.#.#@#
........# #.##Y#
#.#.#...# #.##.#
#.#.#...#####.##.#
....#............#
#.#...............#
.........####.##.##
#.#.#..#.####.###.#
......<.......# #.#


You could see an ice beast.

Vanquished Creatures
  A giant frog (D:8)
  A centaur skeleton (D:8)
  A worker ant (D:4)
  An adder (D:3)
  A shadow imp (D:5)
  An adder skeleton (D:5)
  A giant gecko (D:2)
  2 giant cockroaches (D:4)
  11 jackals
  A kobold (D:1)
  A bat (D:2)
  3 giant newts
  2 goblins
  14 rats
41 creatures vanquished.

Notes
Turn   | Place    | Note
--------------------------------------------------------------
     0 | D:1      | 4thArraOfDagon the Troll Monk began the quest for the Orb.
     0 | D:1      | Reached XP level 1. HP: 22/22 MP: 0/0
    42 | D:1      | Reached XP level 2. HP: 21/29 MP: 1/1
   158 | D:1      | You fall through a shaft!
   397 | D:3      | Reached XP level 3. HP: 36/36 MP: 2/2
   503 | D:4      | Found a deep blue altar of Sif Muna.
   522 | D:5      | Entered Level 5 of the Dungeon
   550 | D:5      | Found an iron altar of Okawaru.
   598 | D:5      | Reached XP level 4. HP: 43/45 MP: 3/3
   768 | D:7      | Noticed a human
   773 | D:8      | Noticed a giant frog
   781 | D:8      | Killed a giant frog
   781 | D:8      | Reached skill level 5 in Unarmed Combat
   781 | D:8      | Reached XP level 5. HP: 30/53 MP: 4/4
   839 | D:8      | Noticed an ice beast
   853 | D:8      | Slain by an ice beast

Vault maps used:
D:1:      erik_arrival_orb_chamber
D:3:      first_bread
D:4:      lemuel_crystal_altar, gup_sewer_entry_pipe, minmay_rat_hole
D:5:      kennysheep_mini_moat
D:6:      nicolae_ru_sacrificial_ziggurat, lexackson_kobold_supper,
          uniq_sigmund, uniq_edmund, uniq_duvessa
D:7:      old_standard_altar, overflow_temple_1_default,
          minmay_temple_entry_nine_rooms, grunt_livestock,
          uniq_crazy_yiuf_cottage, uniq_prince_ribbit1, uniq_pikel
D:8:      tgw_xom

Action                   |  1- 3 |  4- 6 || total
-------------------------+-------+-------++-------
Melee: Unarmed           |    86 |    24 ||   110
  Eat: Chunk             |    10 |       ||    10
